General information
- name: BNet
- type: Ladder team game (AT/RT)
- host: Battle.net
- saver: MouseNotWork
map: FullScaleAssault
- players: 8
- length: 47:21
- speed: Fast
- version: 1.28 W3XP
- replay type: Public
» download(335 KB)
Players
team 1 (loser)

»
Chiggazvince (
teal | 79 APM | 3717 actions | 47:20)
7 Archmage
3 Summon Water Elemental
3 Brilliance Aura
1 Mass Teleport
3 Pit Lord
1 Rain of Fire
2 Howl of Terror
» actions
| Assign group hotkey | 50 | |
| Basic commands | 138 | |
| Build / train | 163 | |
| ESC pressed | 12 | |
| Enter build submenu | 71 | |
| Enter hero's abilities submenu | 10 | |
| Give item / drop item | 3 | |
| Remove unit from queue | 1 | |
| Right click | 1360 | |
| Select / deselect | 888 | |
| Select group hotkey | 781 | |
| Use ability | 240 | |
3717 total
» units
| Peasant | 32 | |
| Footman | 19 | |
| Goblin Shredder | 2 | |
| Goblin Zeppelin | 2 | |
| Siege Engine | 10 | |
| Gryphon Rider | 4 | |
| Flying Machine | 3 | |
| Dragonhawk Rider | 4 | |
| Mortar Team | 7 | |
| Knight | 2 | |
| Rifleman | 4 | |
89 total
» upgrades
| Masonry | 3 | |
| Defend | 1 | |
| Lumber Harvesting | 1 | |
| Gunpowder | 3 | |
| Barrage | 1 | |
| Plating | 1 | |
| Animal War Training | 1 | |
| Flying Machine Bombs | 1 | |
| Storm Hammers | 1 | |
| Swords | 1 | |
| Armor | 1 | |
| Cloud | 1 | |
| Flare | 1 | |
| Fragmentation Shards | 1 | |
| Long Rifles | 1 | |
19 total
» buildings
| Altar of Kings | 1 | |
| Farm | 19 | |
| Barracks | 4 | |
| Lumber Mill | 1 | |
| Town Hall | 6 | |
| Scout Tower | 40 | |
| Arcane Tower | 3 | |
| Guard Tower | 11 | |
| Arcane Vault | 3 | |
| Keep | 4 | |
| Blacksmith | 2 | |
| Castle | 5 | |
| Workshop | 6 | |
| Arcane Sanctum | 1 | |
| Gryphon Aviary | 3 | |
109 total
» build order
00:08 Altar of Kings
00:20 Farm
00:37 Barracks
00:46 Farm
01:33 Farm
02:24 Lumber Mill
03:06 Farm
03:41 Town Hall
03:43 Scout Tower
03:47 Scout Tower
03:50 Scout Tower
03:59 Arcane Tower
03:59 Arcane Tower
04:12 Guard Tower
04:33 Guard Tower
05:35 Arcane Vault
05:36 Farm
05:46 Farm
06:21 Keep
06:32 Scout Tower
06:59 Guard Tower
07:06 Farm
07:49 Blacksmith
07:51 Blacksmith
08:48 Castle
09:23 Workshop
09:24 Farm
09:34 Scout Tower
10:09 Guard Tower
10:11 Farm
10:11 Farm
10:36 Workshop
11:17 Town Hall
11:18 Scout Tower
11:19 Scout Tower
11:19 Scout Tower
11:20 Scout Tower
11:21 Scout Tower
11:21 Scout Tower
12:03 Workshop
14:08 Arcane Tower
14:09 Guard Tower
14:27 Arcane Vault
15:40 Arcane Sanctum
15:45 Gryphon Aviary
15:46 Gryphon Aviary
15:47 Gryphon Aviary
16:01 Scout Tower
16:02 Scout Tower
16:02 Scout Tower
16:02 Scout Tower
16:03 Scout Tower
16:21 Town Hall
16:23 Scout Tower
16:24 Scout Tower
16:24 Scout Tower
17:37 Guard Tower
18:05 Guard Tower
18:06 Scout Tower
18:06 Scout Tower
18:07 Scout Tower
18:08 Scout Tower
18:08 Scout Tower
19:00 Scout Tower
19:01 Farm
19:02 Farm
19:02 Farm
19:03 Farm
19:03 Farm
19:30 Guard Tower
19:50 Scout Tower
19:51 Scout Tower
19:54 Scout Tower
20:18 Guard Tower
21:19 Keep
21:40 Guard Tower
24:12 Town Hall
24:25 Castle
24:25 Castle
27:36 Barracks
29:45 Town Hall
29:46 Scout Tower
29:47 Scout Tower
29:49 Scout Tower
29:49 Scout Tower
29:50 Scout Tower
32:32 Barracks
32:34 Barracks
32:36 Workshop
32:37 Workshop
32:48 Workshop
33:44 Keep
34:19 Arcane Vault
34:20 Guard Tower
34:33 Scout Tower
34:34 Scout Tower
37:04 Farm
37:15 Castle
39:17 Town Hall
39:19 Scout Tower
39:20 Scout Tower
39:20 Scout Tower
39:21 Scout Tower
39:21 Scout Tower
41:30 Farm
41:32 Farm
43:24 Farm
» items
| Scroll of Regeneration | 5 | |
| Scroll of Town Portal | 6 | |
| Staff of Sanctuary | 1 | |
| Potion of Healing | 2 | |
| Lesser Clarity Potion | 1 | |
15 total

»
xtreme56 (
pink | 111 APM | 5120 actions | 46:06)
6 Death Knight
3 Death Coil
2 Unholy Aura
1 Animate Dead
4 Crypt Lord
2 Carrion Beetles
2 Spiked Carapace
4 Lich
2 Frost Armor
2 Frost Nova
» actions
| Assign group hotkey | 71 | |
| Build / train | 130 | |
| ESC pressed | 9 | |
| Enter build submenu | 34 | |
| Enter hero's abilities submenu | 15 | |
| Give item / drop item | 4 | |
| Remove unit from queue | 8 | |
| Right click | 1726 | |
| Select / deselect | 900 | |
| Select group hotkey | 2130 | |
| Use ability | 90 | |
5120 total
» units
| Acolyte | 14 | |
| Ghoul | 4 | |
| Crypt Fiend | 15 | |
| Frost Wyrm | 5 | |
| Gargoyle | 15 | |
| Abomination | 2 | |
| Troll Headhunter/Berserker | 3 | |
58 total
» upgrades
| Creature Attack | 3 | |
| Creature Carapace | 3 | |
| Web | 1 | |
| Freezing Breath | 1 | |
| Disease Cloud | 1 | |
| Unholy Strength | 1 | |
| Unholy Armor | 1 | |
| Troll Regeneration | 1 | |
| Berserker Upgrade | 1 | |
13 total
» buildings
| Ziggurat | 19 | |
| Crypt | 1 | |
| Altar of Darkness | 1 | |
| Graveyard | 1 | |
| Tomb of Relics | 2 | |
| Necropolis | 2 | |
| Halls of the Dead | 1 | |
| Spirit Tower | 7 | |
| Nerubian Tower | 5 | |
| Black Citadel | 1 | |
| Sacrificial Pit | 1 | |
| Boneyard | 3 | |
| Slaughterhouse | 1 | |
| Orc Burrow | 4 | |
49 total
» build order
00:14 Ziggurat
00:27 Crypt
00:42 Altar of Darkness
01:00 Graveyard
01:12 Tomb of Relics
01:40 Ziggurat
04:04 Necropolis
06:05 Halls of the Dead
06:16 Ziggurat
06:18 Ziggurat
06:20 Ziggurat
06:21 Ziggurat
06:40 Ziggurat
06:42 Ziggurat
06:43 Ziggurat
07:19 Spirit Tower
07:21 Spirit Tower
07:44 Spirit Tower
08:19 Nerubian Tower
08:25 Spirit Tower
08:29 Spirit Tower
08:54 Black Citadel
09:07 Spirit Tower
10:02 Sacrificial Pit
10:17 Ziggurat
10:20 Ziggurat
11:04 Tomb of Relics
11:24 Boneyard
11:29 Boneyard
12:02 Nerubian Tower
12:05 Spirit Tower
12:37 Boneyard
19:23 Ziggurat
19:40 Ziggurat
19:42 Ziggurat
19:59 Necropolis
20:02 Ziggurat
20:04 Ziggurat
20:06 Ziggurat
20:07 Ziggurat
24:01 Nerubian Tower
24:13 Nerubian Tower
24:18 Ziggurat
25:52 Nerubian Tower
25:58 Nerubian Tower
27:56 Slaughterhouse
37:53 Orc Burrow
37:56 Orc Burrow
38:03 Orc Burrow
38:08 Orc Burrow
» items
| Rod of Necromancy | 1 | |
| Sacrificial Skull | 1 | |
| Periapt of Vitality | 1 | |
| Circlet of Nobility | 1 | |
| Orb of Corruption | 5 | |
| Potion of Healing | 2 | |
| Scroll of Town Portal | 5 | |
| Dust of Appearance | 1 | |
| Staff of Teleportation | 3 | |
20 total

»
Crucible_Of_War (
orange | 43 APM | 1999 actions | 46:11)
2 Tauren Chieftain
1 War Stomp
1 Shockwave
» actions
| Basic commands | 17 | |
| Build / train | 121 | |
| Enter build submenu | 45 | |
| Enter hero's abilities submenu | 3 | |
| Give item / drop item | 7 | |
| Right click | 1319 | |
| Select / deselect | 366 | |
| Use ability | 120 | |
1999 total
» units
| Peon | 40 | |
| Raider | 14 | |
| Goblin Zeppelin | 1 | |
| Troll Batrider | 38 | |
93 total
» upgrades
| Pillage | 1 | |
| Melee Weapons | 1 | |
| Armor | 2 | |
| Ensnare | 1 | |
| Liquid Fire | 1 | |
6 total
» buildings
| War Mill | 4 | |
| Orc Burrow | 15 | |
| Altar of Storms | 2 | |
| Voodoo Lounge | 3 | |
| Stronghold | 6 | |
| Beastiary | 8 | |
| Spirit Lodge | 2 | |
| Great Hall | 9 | |
| Fortress | 2 | |
51 total
» build order
00:08 War Mill
00:16 Orc Burrow
00:21 Altar of Storms
00:43 Voodoo Lounge
02:18 Orc Burrow
04:38 Stronghold
04:38 Stronghold
07:12 Beastiary
07:18 Beastiary
08:16 Spirit Lodge
10:52 War Mill
12:31 Orc Burrow
13:03 Great Hall
13:08 Orc Burrow
13:16 Orc Burrow
14:30 Altar of Storms
14:57 Great Hall
15:10 Great Hall
15:19 Great Hall
16:58 Orc Burrow
17:03 Orc Burrow
17:54 Great Hall
20:06 Stronghold
20:06 Stronghold
20:12 Voodoo Lounge
20:36 Orc Burrow
20:47 Orc Burrow
22:26 Orc Burrow
22:30 Voodoo Lounge
22:36 Beastiary
22:58 Beastiary
23:24 Beastiary
23:31 Beastiary
23:38 Spirit Lodge
24:12 Fortress
24:12 Fortress
25:33 Beastiary
25:38 Beastiary
28:52 Great Hall
29:07 War Mill
29:25 Orc Burrow
29:59 War Mill
30:02 Stronghold
30:42 Orc Burrow
30:46 Orc Burrow
34:58 Orc Burrow
40:21 Great Hall
41:41 Orc Burrow
43:06 Great Hall
45:33 Great Hall
» items
| Dust of Appearance | 1 | |
| Rod of Necromancy | 2 | |
| Healing Salve | 1 | |
| Potion of Healing | 2 | |
| Potion of Mana | 1 | |
| Scroll of Town Portal | 3 | |
| Scroll of Speed | 1 | |
11 total
NoKondomslIlllI (
blue | 59 APM | 2097 actions | 35:25)
7 Blademaster
3 Wind Walk
3 Critical Strike
1 Mirror Image
» actions
| Assign group hotkey | 30 | |
| Basic commands | 46 | |
| Build / train | 96 | |
| Enter build submenu | 23 | |
| Enter hero's abilities submenu | 7 | |
| Give item / drop item | 13 | |
| Remove unit from queue | 3 | |
| Right click | 805 | |
| Select / deselect | 202 | |
| Select group hotkey | 677 | |
| Use ability | 195 | |
2097 total
» units
| Peon | 11 | |
| Goblin Shredder | 6 | |
| Goblin Zeppelin | 3 | |
| Troll Witch Doctor | 2 | |
| Goblin Sapper | 2 | |
| Demolisher | 1 | |
25 total
» upgrades
| Spiked Barricades | 3 | |
| Reinforced Defenses | 1 | |
| Witch Doctor Training | 2 | |
| Ranged Weapons | 2 | |
| Armor | 1 | |
| Burning Oil | 1 | |
10 total
» buildings
| Altar of Storms | 1 | |
| Orc Burrow | 4 | |
| War Mill | 1 | |
| Voodoo Lounge | 1 | |
| Watch Tower | 61 | |
| Stronghold | 1 | |
| Fortress | 1 | |
| Spirit Lodge | 2 | |
| Barracks | 7 | |
| Great Hall | 4 | |
83 total
» build order
00:09 Altar of Storms
00:12 Orc Burrow
00:55 War Mill
01:11 Voodoo Lounge
01:44 Orc Burrow
02:32 Watch Tower
03:14 Watch Tower
03:14 Watch Tower
04:49 Stronghold
04:53 Watch Tower
04:53 Watch Tower
04:53 Watch Tower
04:54 Watch Tower
05:34 Orc Burrow
05:35 Orc Burrow
06:20 Watch Tower
06:21 Watch Tower
06:22 Watch Tower
06:22 Watch Tower
06:22 Watch Tower
06:22 Watch Tower
06:23 Watch Tower
07:18 Fortress
08:17 Spirit Lodge
08:17 Spirit Lodge
08:38 Barracks
08:39 Barracks
08:39 Barracks
08:40 Barracks
08:41 Barracks
08:41 Barracks
08:42 Barracks
11:12 Watch Tower
11:12 Watch Tower
11:13 Watch Tower
11:13 Watch Tower
13:00 Watch Tower
13:01 Watch Tower
13:02 Watch Tower
13:02 Watch Tower
13:02 Watch Tower
13:03 Watch Tower
13:04 Watch Tower
13:04 Watch Tower
17:05 Watch Tower
17:06 Watch Tower
17:06 Watch Tower
17:07 Watch Tower
17:07 Watch Tower
17:08 Watch Tower
17:08 Watch Tower
17:08 Watch Tower
17:09 Watch Tower
17:09 Watch Tower
21:11 Watch Tower
21:11 Watch Tower
21:12 Watch Tower
21:12 Watch Tower
21:12 Watch Tower
21:13 Watch Tower
23:03 Great Hall
29:02 Great Hall
29:44 Watch Tower
29:45 Watch Tower
29:45 Watch Tower
29:46 Watch Tower
29:46 Watch Tower
29:46 Watch Tower
29:47 Watch Tower
29:48 Watch Tower
29:49 Watch Tower
29:50 Watch Tower
29:50 Watch Tower
30:02 Great Hall
30:54 Watch Tower
33:55 Great Hall
34:54 Watch Tower
» items
| Healing Salve | 13 | |
| Lesser Clarity Potion | 10 | |
| Scroll of Speed | 4 | |
| Dust of Appearance | 3 | |
| Circlet of Nobility | 3 | |
| Staff of Teleportation | 4 | |
| Potion of Healing | 4 | |
| Orb of Lightning | 2 | |
| Boots of Speed | 3 | |
| Potion of Mana | 2 | |
| Scroll of Town Portal | 1 | |
49 total
team 2 (winner)

»
derelik (
yellow | 99 APM | 2604 actions | 26:15)
6 Archmage
3 Summon Water Elemental
2 Brilliance Aura
1 Mass Teleport
2 Dark Ranger
1 Silence
1 Life Drain
» actions
| Assign group hotkey | 58 | |
| Basic commands | 65 | |
| Build / train | 95 | |
| ESC pressed | 8 | |
| Enter build submenu | 28 | |
| Enter hero's abilities submenu | 8 | |
| Right click | 1023 | |
| Select / deselect | 334 | |
| Select group hotkey | 867 | |
| Use ability | 118 | |
2604 total
» units
| Peasant | 13 | |
| Footman | 9 | |
| Sorceress | 6 | |
| Priest | 7 | |
| Mortar Team | 4 | |
| Gryphon Rider | 6 | |
| Spell Breaker | 1 | |
| Knight | 3 | |
| Siege Engine | 1 | |
| Dragonhawk Rider | 4 | |
54 total
» upgrades
| Defend | 1 | |
| Lumber Harvesting | 2 | |
| Fragmentation Shards | 1 | |
| Masonry | 1 | |
| Sorceress Training | 2 | |
| Priest Training | 2 | |
| Flare | 1 | |
| Storm Hammers | 1 | |
| Cloud | 1 | |
12 total
» buildings
| Altar of Kings | 1 | |
| Barracks | 1 | |
| Farm | 14 | |
| Town Hall | 1 | |
| Arcane Vault | 1 | |
| Lumber Mill | 1 | |
| Scout Tower | 3 | |
| Arcane Tower | 3 | |
| Keep | 3 | |
| Blacksmith | 1 | |
| Guard Tower | 2 | |
| Arcane Sanctum | 1 | |
| Castle | 1 | |
| Gryphon Aviary | 1 | |
| Workshop | 1 | |
35 total
» build order
00:06 Altar of Kings
00:09 Barracks
00:21 Farm
01:02 Farm
02:36 Town Hall
02:44 Farm
03:13 Arcane Vault
03:37 Lumber Mill
04:20 Scout Tower
04:28 Farm
04:32 Scout Tower
04:56 Arcane Tower
04:59 Arcane Tower
05:38 Keep
05:39 Keep
05:44 Scout Tower
06:17 Blacksmith
06:57 Guard Tower
07:10 Farm
08:34 Arcane Sanctum
08:37 Castle
09:24 Gryphon Aviary
10:09 Workshop
10:37 Farm
12:08 Farm
12:11 Farm
12:58 Farm
13:23 Farm
13:43 Farm
14:34 Farm
23:04 Farm
23:52 Farm
» items
| Scroll of Regeneration | 2 | |
| Scroll of Town Portal | 1 | |
3 total
nobi (
green | 92 APM | 4335 actions | 47:20)
7 Blademaster
3 Wind Walk
3 Critical Strike
1 Bladestorm
5 Shadow Hunter
3 Healing Wave
2 Hex
2 Dark Ranger
1 Life Drain
1 Silence
1 Archmage
1 Brilliance Aura
» actions
| Assign group hotkey | 34 | |
| Basic commands | 3 | |
| Build / train | 122 | |
| Enter build submenu | 41 | |
| Enter hero's abilities submenu | 15 | |
| Give item / drop item | 9 | |
| Remove unit from queue | 2 | |
| Right click | 1662 | |
| Select / deselect | 294 | |
| Select group hotkey | 1933 | |
| Use ability | 220 | |
4335 total
» units
| Peon | 21 | |
| Grunt | 7 | |
| Troll Headhunter/Berserker | 12 | |
| Shaman | 10 | |
| Tauren | 6 | |
| Troll Witch Doctor | 3 | |
| Blue Dragon | 5 | |
| Blue Drake | 3 | |
67 total
» upgrades
| Berserker Strength | 1 | |
| Armor | 3 | |
| Shaman Training | 2 | |
| Reinforced Defenses | 1 | |
| Pulverize | 1 | |
| Spiked Barricades | 1 | |
9 total
» buildings
| Altar of Storms | 1 | |
| Orc Burrow | 16 | |
| Voodoo Lounge | 1 | |
| Barracks | 2 | |
| Stronghold | 1 | |
| War Mill | 2 | |
| Fortress | 1 | |
| Spirit Lodge | 1 | |
| Tauren Totem | 2 | |
| Watch Tower | 6 | |
| Great Hall | 4 | |
37 total
» build order
00:08 Altar of Storms
00:21 Orc Burrow
00:52 Voodoo Lounge
01:28 Barracks
01:48 Orc Burrow
02:36 Orc Burrow
03:34 Stronghold
05:55 War Mill
06:45 Fortress
07:38 Spirit Lodge
08:36 Orc Burrow
08:39 Orc Burrow
09:49 Tauren Totem
09:52 Tauren Totem
10:49 Orc Burrow
15:03 Orc Burrow
15:05 Orc Burrow
16:16 Watch Tower
18:25 Orc Burrow
18:32 Orc Burrow
20:52 Orc Burrow
21:34 Orc Burrow
21:40 War Mill
22:46 Great Hall
23:29 Orc Burrow
23:49 Orc Burrow
29:04 Watch Tower
31:58 Watch Tower
32:16 Orc Burrow
33:46 Great Hall
33:58 Barracks
37:24 Orc Burrow
38:01 Great Hall
38:06 Watch Tower
38:08 Watch Tower
38:11 Watch Tower
46:21 Great Hall
» items
| Lesser Clarity Potion | 4 | |
| Healing Salve | 2 | |
| Boots of Speed | 6 | |
| Scroll of Town Portal | 3 | |
| Scroll of Speed | 1 | |
| Potion of Lesser Invulnerability | 6 | |
| Potion of Mana | 1 | |
| Orb of Lightning | 1 | |
24 total
MrBolado (
red | 51 APM | 2423 actions | 47:20)
8 Keeper of the Grove
3 Force of Nature
3 Entangling Roots
1 Tranquility
1 Thorns Aura
6 Priestess of the Moon
3 Trueshot Aura
2 Scout
1 Starfall
1 Dark Ranger
1 Charm
» actions
| Assign group hotkey | 23 | |
| Build / train | 91 | |
| Enter build submenu | 31 | |
| Enter hero's abilities submenu | 16 | |
| Right click | 1328 | |
| Select / deselect | 505 | |
| Select group hotkey | 349 | |
| Use ability | 80 | |
2423 total
» units
| Wisp | 27 | |
| Archer | 4 | |
| Huntress | 3 | |
| Druid of the Talon | 5 | |
| Dryad | 12 | |
| Chimaera | 5 | |
56 total
» upgrades
| Strength of the Wild | 3 | |
| Ultravision | 1 | |
| Reinforced Hides | 3 | |
| Abolish Magic | 1 | |
| Corrosive Breath | 1 | |
| Druid of the Talon Training | 2 | |
| Nature's Blessing | 1 | |
| Well Spring | 1 | |
13 total
» buildings
| Altar of Elders | 1 | |
| Moon Well | 11 | |
| Ancient of War | 2 | |
| Hunter's Hall | 1 | |
| Tree of Life | 3 | |
| Tree of Ages | 1 | |
| Tree of Eternity | 1 | |
| Ancient of Lore | 2 | |
| Ancient of Wind | 1 | |
| Chimaera Roost | 2 | |
| Ancient Protector | 2 | |
27 total
» build order
00:08 Altar of Elders
00:18 Moon Well
00:50 Moon Well
01:53 Ancient of War
02:06 Ancient of War
02:31 Moon Well
03:17 Hunter's Hall
04:00 Moon Well
05:35 Tree of Life
06:20 Tree of Ages
06:23 Moon Well
08:41 Tree of Eternity
08:59 Ancient of Lore
09:05 Ancient of Wind
10:06 Ancient of Lore
11:06 Chimaera Roost
11:10 Chimaera Roost
14:30 Moon Well
16:16 Moon Well
17:09 Moon Well
17:53 Moon Well
19:50 Tree of Life
20:54 Ancient Protector
21:50 Moon Well
22:43 Ancient Protector
22:51 Moon Well
30:03 Tree of Life
» items
| Healing Salve | 1 | |
| Boots of Speed | 1 | |
| Scroll of Town Portal | 1 | |
3 total
MouseNotWork (
purple | 27 APM | 1273 actions | 47:21)
2 Dark Ranger
1 Silence
1 Charm
1 Archmage
1 Blizzard
» actions
| Assign group hotkey | 45 | |
| Basic commands | 27 | |
| Build / train | 56 | |
| Enter build submenu | 22 | |
| Enter hero's abilities submenu | 5 | |
| Remove unit from queue | 1 | |
| Right click | 464 | |
| Select / deselect | 231 | |
| Select group hotkey | 292 | |
| Use ability | 130 | |
1273 total
» units
| Peasant | 18 | |
| Dragonhawk Rider | 8 | |
| Goblin Shredder | 1 | |
| Siege Engine | 2 | |
| Goblin Zeppelin | 1 | |
| Mortar Team | 2 | |
| Priest | 4 | |
36 total
» upgrades
| Magic Sentry | 1 | |
| Barrage | 1 | |
| Swords | 3 | |
| Armor | 3 | |
| Animal War Training | 1 | |
| Masonry | 1 | |
10 total
» buildings
| Scout Tower | 17 | |
| Arcane Tower | 1 | |
| Guard Tower | 5 | |
| Gryphon Aviary | 2 | |
| Farm | 1 | |
| Town Hall | 3 | |
| Lumber Mill | 1 | |
30 total
» build order
27:40 Scout Tower
28:13 Arcane Tower
30:20 Scout Tower
30:22 Scout Tower
30:23 Scout Tower
31:44 Guard Tower
32:27 Gryphon Aviary
32:30 Gryphon Aviary
35:52 Farm
38:46 Town Hall
38:49 Scout Tower
38:49 Scout Tower
38:49 Scout Tower
38:49 Scout Tower
38:50 Scout Tower
38:50 Scout Tower
39:09 Town Hall
39:46 Guard Tower
40:38 Guard Tower
41:42 Scout Tower
41:42 Scout Tower
41:43 Scout Tower
41:44 Scout Tower
41:44 Scout Tower
41:48 Lumber Mill
42:27 Guard Tower
44:24 Guard Tower
45:03 Town Hall
Chat log
(00:11 / Allies) nobi: salut
(00:23 / Allies) nobi: stay
(00:25 / Allies) derelik: not to worry
(00:25 / All) NoKondomslIlllI: never use a condom
(00:28 / All) NoKondomslIlllI: and always vote trump
(00:29 / Allies) nobi: pls try to win
(00:30 / Allies) derelik: MASS RUSH
(00:37 / Allies) MrBolado: okay
(00:52 / Allies) derelik: i goo
(00:54 / Allies) derelik: i foots
(00:56 / Allies) derelik: and towers
(01:11 / Allies) derelik: green??
(01:19 / Allies) nobi: y
(01:22 / Allies) nobi: grunt
(01:25 / Allies) nobi: bm
(01:27 / Allies) derelik: well build them
(01:29 / Allies) derelik: lol
(01:34 / Allies) derelik: where they at?
(01:35 / Allies) nobi: relax
(01:54 / All) NoKondomslIlllI: maby mist erpoop pants ir gith
(01:58 / All) NoKondomslIlllI: never use a condom olol
(02:00 / Allies) derelik: gold me to make expo
(02:01 / All) NoKondomslIlllI: we're walkin' here
(02:15 / Allies) derelik: ill gold bac
(03:03 / Allies) derelik: lumber plz
(05:16 / All) NoKondomslIlllI: get ride of that cloak orange
(06:02 / All) NoKondomslIlllI: ronage get rid of the cloak
(06:04 / All) NoKondomslIlllI: last warning
(06:27 / Allies) derelik: lets hit
(07:46 / Allies) derelik: hit?
(07:49 / All) NoKondomslIlllI: take ths item orange
(08:03 / All) NoKondomslIlllI: nm i'll just kill it
(08:14 / Allies) derelik: im hitting
(08:26 / Allies) MrBolado: wait
(08:32 / All) NoKondomslIlllI: dam this team so weak
(09:44 / All) NoKondomslIlllI: yeah you lose the game orange
(10:23 / All) NoKondomslIlllI: lol you went raider
(11:30 / Allies) derelik: kill burrows
(11:51 / All) NoKondomslIlllI: lick my balls
(13:23 / All) NoKondomslIlllI: team so weak
(13:30 / All) derelik: we have 3....
(13:32 / All) NoKondomslIlllI: orange just creeping mid with riderr
(13:56 / All) Crucible_Of_War: blue HAS to be a bitch whined from very start
(15:11 / Allies) MouseNotWork: shreddar
(15:15 / Allies) MouseNotWork: left side blue
(15:20 / Allies) MouseNotWork: by bottom choke
(15:31 / Allies) MouseNotWork: by your chims red
(16:36 / Allies) MouseNotWork: if you kill thatzep
(16:39 / Allies) MouseNotWork: orange is trapped
(16:51 / Allies) MouseNotWork: lawl
(16:53 / Allies) MouseNotWork: you guys are goners
(17:10 / Allies) MouseNotWork: just tp out green
(17:52 / Allies) MouseNotWork: *jots down yellows handle*
(17:55 / Allies) MouseNotWork: added to the beef list
(18:19 / Allies) MouseNotWork: you could have won newbie but you spent too much time finishing off orange
(18:46 / All) MouseNotWork: you got a wyrm back there pink
(18:53 / All) MouseNotWork: at green base
(18:56 / All) NoKondomslIlllI: focu os on letting orange die
(18:57 / All) NoKondomslIlllI: he weak
(19:06 / All) MouseNotWork: lawl why you guys don't tp instead lose all your nits
(19:13 / All) MouseNotWork: lawl
(19:14 / Allies) nobi: gold
(19:33 / Allies) nobi: gold pls
(19:55 / Allies) MrBolado: ty
(20:00 / Allies) nobi: wood pls
(20:18 / Allies) nobi: wood
(20:20 / Allies) nobi: wood
(20:35 / All) NoKondomslIlllI: i ill the weak
(20:39 / All) MouseNotWork: move your tanks teal
(20:40 / All) MouseNotWork: top mid
(21:08 / Specific player) MouseNotWork: transition to mortars and you'd eat up their armies
(21:24 / Specific player) MouseNotWork: and pink garg
(21:33 / Specific player) MouseNotWork: nooo why did you get griffs dude
(21:41 / Specific player) MouseNotWork: you alaready had facotries
(21:51 / 5) MouseNotWork: you gargs teal mortars
(21:54 / 5) MouseNotWork: that's the counter for that army
(22:11 / All) NoKondomslIlllI: lol
(22:12 / Allies) nobi: wood
(22:14 / Allies) nobi: wood
(22:31 / Allies) nobi: wood
(22:32 / Allies) nobi: wood
(22:33 / Allies) nobi: pls
(22:35 / Allies) nobi: wood
(22:36 / 5) MouseNotWork: gargs and mortars rape that
(22:37 / Allies) nobi: pls
(22:48 / All) NoKondomslIlllI: look at ornage
(23:11 / 5) MouseNotWork: green is retaking his main, reveal it and maybe blue will hit it
(23:32 / Allies) derelik: GET A TP
(23:34 / Allies) MrBolado: i need tp
(23:35 / 5) MouseNotWork: green at ur expo
(24:01 / 5) MouseNotWork: tell orange to feed you for garg
(24:03 / Allies) derelik: RED
(24:05 / Allies) derelik: KILL THAT EXPO
(24:19 / 5) MouseNotWork: dhawk completely shut down wyrm
(24:20 / Allies) derelik: AND EXPAND!
(24:33 / 5) MouseNotWork: garg rapes the chims and dhawk and can still attack ground with mortar
(24:40 / 5) MouseNotWork: mortar chews thru caster and range
(24:55 / 5) MouseNotWork: you guys are getting the completely wrong units
(25:01 / 5) MouseNotWork: griff and wyrm nto good here
(25:02 / All) Crucible_Of_War: aa
(25:34 / All) NoKondomslIlllI: lol
(25:41 / All) MouseNotWork: lawl
(25:52 / All) MouseNotWork: yellow didn't tp with half his force
(25:58 / All) MouseNotWork: and went alone splitting from red
(26:12 / All) MouseNotWork: and red left his hanging, has a tp
(26:17 / All) MouseNotWork: lawl
(26:26 / All) MouseNotWork: you guys got lucky that yellow is as dumb as you are
(26:29 / All) MouseNotWork: and red
(26:43 / All) MouseNotWork: retard pink is still getting wyrms lmao
(26:52 / All) MouseNotWork: teal had fucking factories and starts getting griffs
(27:01 / All) MouseNotWork: if red had tped sooner you would have got annihilated
(27:42 / All) NoKondomslIlllI: lol they so weak
(28:05 / Allies) MouseNotWork: I'll take yellow but it's over after yellow tp and no red tp
(28:11 / All) NoKondomslIlllI: green i dying you base
(29:09 / All) NoKondomslIlllI: lol orange so sad
(29:13 / Allies) MouseNotWork: trash items he has
(29:15 / Allies) MrBolado: lets meet?
(29:47 / Allies) MouseNotWork: unupgraded units lol
(31:10 / Allies) MouseNotWork: I got cloud
(31:23 / Allies) MouseNotWork: go
(32:59 / Allies) MouseNotWork: move on it's dead
(33:22 / All) NoKondomslIlllI: lol orange
(33:24 / All) NoKondomslIlllI: you're so apathetic
(33:40 / All) NoKondomslIlllI: orange keeps trying to tk
(34:45 / All) NoKondomslIlllI: orange they are dying you
(35:21 / Allies) MouseNotWork: dude move on that base is dead
(36:31 / Allies) MouseNotWork: red dude try to hit fresh expos
(36:42 / Allies) MrBolado: need gold for tp
(38:11 / Allies) MouseNotWork: someone handle this?
(39:50 / All) nobi: ok blu
(41:29 / Allies) MrBolado: meet and hit?
(41:32 / Allies) nobi: k
(42:02 / Allies) MrBolado: gold
(42:03 / Allies) MrBolado: :
(42:10 / Allies) MrBolado: ty
(43:47 / Allies) MouseNotWork: come
(43:55 / Allies) MouseNotWork: expo there green
(45:28 / Allies) MouseNotWork: go and hit somewehre and I can tp on you
(46:13 / All) nobi: ok
(46:22 / Allies) MouseNotWork: hit that